 Dungeon Crawl Stone Soup version 0.23-a0-607-g760965b (console) character file.

32 Duffy the Chopper (level 3, 0/32 HPs)
             Began as a Naga Gladiator on Dec 20, 2018.
             Slain by a leopard gecko (2 damage)
             ... on level 2 of the Dungeon.
             The game lasted 00:00:31 (415 turns).

Duffy the Chopper (Naga Gladiator)                   Turns: 415, Time: 00:00:32

Health: 0/32       AC:  3    Str: 17    XL:     3   Next: 25%
Magic:  3/3        EV: 10    Int:  8    God:
Gold:   27         SH:  0    Dex: 12    Spells: 2/2 levels left

rFire    . . .     SeeInvis +   a - +0 war axe
rCold    . . .     Gourm    .   (no shield)
rNeg     . . .     Faith    .   b - +0 leather armour
rPois    +         Spirit   .   c - +0 helmet
rElec    .         Reflect  .   (no cloak)
rCorr    .         Harm     .   (no gloves)
MR       .....                  (no barding)
Stlth    +.........             (no amulet)
HPRegen  0.10/turn              (no ring)
MPRegen  0.08/turn              (no ring)

@: very slow
A: large, see invisible, deformed body, poison resistance, slowness 2, slow
metabolism 1, spit poison 1, AC +1
a: Spit Poison


You were on level 2 of the Dungeon.
You were not hungry.

You visited 1 branch of the dungeon, and saw 3 of its levels.

You collected 27 gold pieces.

Inventory:

Hand Weapons
 a - a +0 war axe (weapon)
Missiles
 d - 3 throwing nets (quivered)
Armour
 b - a +0 leather armour (worn)
 c - a +0 helmet (worn)
Scrolls
 h - a scroll of magic mapping {unknown}
 i - a scroll of teleportation {unknown}
Potions
 e - 2 potions of curing {unknown}
Comestibles
 f - 5 rations
 g - 9 chunks of flesh


   Skills:
 - Level 2.0 Fighting
 + Level 4.3 Axes
 - Level 1.7 Throwing
 - Level 2.4 Dodging


You had 2 spell levels left.
You didn't know any spells.
Your spell library was empty.

Dungeon Overview and Level Annotations

Branches:
Dungeon (3/15)

Altars:
Nemelex Xobeh


Innate Abilities, Weirdness & Mutations

You cannot wear boots.
Your serpentine skin is tough. (AC +1)
You have supernaturally acute eyesight. (SInv)
Armour fits poorly on your strangely shaped body.
Your system is resistant to poisons. (rPois)
You cover ground very slowly.
You have a slow metabolism.
You can spit poison.


Message History

The leopard gecko hisses menacingly.
The leopard gecko closely misses you. The jackal barely misses you.
The rat bites you but does no damage. The adder bites you but does no damage.
The hobgoblin hits you. The leopard gecko closely misses you.
The jackal bites you but does no damage.
You closely miss the adder.
The adder is moderately wounded.
You barely miss the jackal. You slash the hobgoblin!
You kill the hobgoblin!
You miss the leopard gecko. You hit the rat.
You kill the rat!
The adder misses you. The jackal bites you.
The leopard gecko barely misses you. The adder barely misses you.
The jackal barely misses you.
You hit the adder.
The adder is almost dead.
You closely miss the jackal. You miss the leopard gecko.
You have got your breath back.
The leopard gecko bites you.
You die...

#.
##.####.####!#..##
#................
###.##).#..##.#####
.............).#
###..#####.<####
##..###......#
...........#.#
.......#)##.#.##
...... #.##.S@l#
... #.####h%# . #..
...# ### #.#.# ..
.# ... .# #.. ##
##.


You could see an adder, a leopard gecko and a jackal.

Vanquished Creatures
  2 adders (D:2)
  A dart slug (D:1)
  5 hobgoblins (D:2)
  3 frilled lizards (D:2)
  2 rats (D:2)
13 creatures vanquished.

Notes
Turn   | Place    | Note
-------+----------+-------------------------------------------
     0 | D:1      | Duffy the Naga Gladiator began the quest for the Orb.
     0 | D:1      | Reached XP level 1. HP: 19/19 MP: 1/1
   271 | D:2      | Found a sparkling altar of Nemelex Xobeh.
   276 | D:2      | Reached XP level 2. HP: 21/26 MP: 2/2
   362 | D:2      | Reached skill level 4 in Axes
   393 | D:2      | Reached XP level 3. HP: 32/32 MP: 3/3
   415 | D:2      | Slain by a leopard gecko

Vault maps used:
D:1:      dpeg_arrival_three_bigger_balls, serial_corexii_hall,
          corexii_hall_statues_x, chequers_hall_statues_y
D:2:      old_standard_altar, minmay_octomino_j4

Skill      XL: |  1  2 |
---------------+-------+-----
Axes           | 4 |  4.3
Fighting       | |  2.0
Throwing       | |  1.7
Dodging        | |  2.4

Action                   || total
-------------------------++-------
Melee: War axe           ||    29
 Abil: Spit Poison       ||     2
 Stab: Sleeping          ||     1
Armor: Leather armour    ||    15
Dodge: Dodged            ||    35

Table legend:
 A = Non-vault XP
 B = Vault XP
 C = Vault XP percentage of total XP
 D = Non-vault monster count
 E = Vault monster count
 F = Vault count percentage of total count
                 A         B        C        D         E       F
            +---------+---------+-------+---------+---------+-------
      Total |      46 |       0 |   0.0 |      13 |       0 |   0.0
            +---------+---------+-------+---------+---------+-------
        D:1 |       4 |       0 |   0.0 |       1 |       0 |   0.0
        D:2 |      42 |       0 |   0.0 |      12 |       0 |   0.0
            +---------+---------+-------+---------+---------+-------
